 Dungeon Crawl Stone Soup version 0.29-a0-284-gf9362112df (webtiles) character file.

Game seed: 10243909405493931341

1074 Oblizorion the Chopper (level 8, -7/69 HPs)
             Began as a Hill Orc Fighter on Mar 24, 2022.
             Was an Initiate of Makhleb.
             Mangled by an orc warrior
             ... wielding a +0 flail
              (13 damage)
             ... on level 5 of the Dungeon.
             The game lasted 00:26:21 (4514 turns).

Oblizorion the Chopper (Hill Orc Fighter)           Turns: 4514, Time: 00:26:22

Health: -7/69      AC:  8    Str: 21    XL:     8   Next: 29%
Magic:  8/8        EV: 14    Int:  8    God:    Makhleb [......]
Gold:   239        SH:  4    Dex: 10    Spells: 7/7 levels left

rFire   . . .      SeeInvis +   o - +0 flail (holy)
rCold   . . .      Faith    .   c - +0 buckler
rNeg    . . .      Spirit   .   b - +0 scale mail
rPois   .          Reflect  .   i - +1 hat
rElec   .          Harm     .   (no cloak)
rCorr   .          Rampage  .   (no gloves)
Will    .....                   (no boots)
Stlth   ..........              v - amulet of regeneration
HPRegen 1.01/turn               k - +4 ring of evasion
MPRegen 0.11/turn               j - ring of see invisible

@: no status effects
A: no striking features
a: Renounce Religion


You were on level 5 of the Dungeon.
You worshipped Makhleb.
Makhleb was noncommittal.
You visited 1 branch of the dungeon, and saw 5 of its levels.

You collected 239 gold pieces.

Inventory:

Hand Weapons
 a - a +0 war axe
 d - a +2 scythe of flaming
 g - a +2 dagger of flaming
 m - a +0 dagger of venom
 o - a +0 flail of holy wrath (weapon)
 r - a +1 dagger of protection
Missiles
 e - 114 stones
 x - 2 atropa-tipped darts
 z - a silver boomerang (quivered)
Armour
 b - a +0 scale mail (worn)
 c - a +0 buckler (worn)
 i - a +1 hat (worn)
Jewellery
 j - a ring of see invisible (right hand)
 k - a +4 ring of evasion (left hand)
 l - a ring of resist corrosion
 v - an amulet of regeneration (around neck)
Wands
 u - a wand of flame (33)
 y - a wand of iceblast (6)
Scrolls
 f - 3 scrolls of teleportation
 q - 3 scrolls of identify
 t - a scroll of fog {unknown}
 B - a scroll of acquirement {unknown}
Potions
 h - a potion of magic {unknown}
 n - a potion of resistance {unknown}
 s - a potion of heal wounds {unknown}
 w - a potion of degeneration {unknown}
 A - a potion of cancellation {unknown}


   Skills:
 + Level 5.5 Fighting
 + Level 5.6(7.1) Axes
 + Level 5.5(6.3) Maces & Flails
 + Level 1.5 Throwing
 + Level 5.2 Armour
 + Level 1.8 Dodging
 + Level 0.5 Stealth
 + Level 4.4 Shields


You had 7 spell levels left.
You didn't know any spells.
Your spell library contained the following spells:

 Spells                   Type           Power      Damage    Failure   Level
 Magic Dart               Conj           0%         1d3       82%         1
 Searing Ray              Conj           0%         2d4       91%         2
 Call Canine Familiar     Summ           0%         N/A       99%         3
 Portal Projectile        Hex/Tloc       0%         N/A       99%         3
 Fulminant Prism          Conj/Hex       0%         3d6       100%        4
 Leda's Liquefaction      Hex/Erth       0%         N/A       100%        4


Dungeon Overview and Level Annotations

Branches:
Dungeon (5/15)             Temple (0/1) D:5

Altars:
Cheibriados
Hepliaklqana
Makhleb
Okawaru
Zin


Message History

You block the orc warrior's attack.
You barely miss the orc warrior.
The orc warrior is heavily wounded.
The orc warrior closely misses you.
You hit the orc warrior but do no damage.
The orc warrior is heavily wounded.
The orc warrior closely misses you.
You hit the orc warrior but do no damage.
The orc warrior is moderately wounded.
The orc warrior closely misses you.
You closely miss the orc warrior.
The orc warrior is moderately wounded.
The orc warrior hits you with a +0 flail!
* * * LOW HITPOINT WARNING * * *
The orc warrior hits you but does no damage.
You closely miss the orc warrior.
The orc warrior is moderately wounded.
The orc warrior hits you with a +0 flail.
* * * LOW HITPOINT WARNING * * *
You hit the orc warrior but do no damage.
The orc warrior is moderately wounded.
The orc warrior barely misses you.
You barely miss the orc warrior.
The orc warrior is moderately wounded.
The orc warrior hits you with a +0 flail!
* * * LOW HITPOINT WARNING * * *
Unknown command.
You closely miss the orc warrior.
The orc warrior is moderately wounded.
The orc warrior hits you but does no damage.
You barely miss the orc warrior.
The orc warrior is moderately wounded.
The orc warrior closely misses you. You block the orc warrior's attack.
You hit the orc warrior.
The orc warrior is moderately wounded.
The orc warrior barely misses you.
You hit the orc warrior.
The orc warrior is severely wounded.
The orc warrior hits you with a +0 flail!
You die...

..........
...............#
................#
................
........##....###
####+###..##...##....#..
.....>.#..##...##....#..
......)#..#..........'..
......o@..#..........#..
.......#.###.######..#..
########.###.##########'
#....'....#.........
#....#....#.........
#...?#....#.........
#....#....#.........
#....#....#.........
#....##..##..##).##.


You could see an orc warrior.

Vanquished Creatures
  Sigmund (D:2)
  2 ogres (D:4)
  Blork the orc (D:4)
  3 scorpions (D:5)
  A howler monkey (D:4)
  2 orc priests (D:5)
  A hound (D:5)
  A jelly (D:4)
  Terence (D:2)
  2 iguanas
  Ijyb (D:3)
  2 orc wizards
  6 adders
  2 ufetubi
  4 worms
  3 dart slugs
  14 orcs
  10 ball pythons
  6 endoplasms
  4 giant cockroaches
  6 goblins
  7 hobgoblins
  6 jackals (D:2)
  7 kobolds
  2 quokkas (D:1)
  5 bats
  2 frilled lizards
  5 rats
107 creatures vanquished.

Notes
Turn   | Place    | Note
-------+----------+-------------------------------------------
     0 | D:1      | Oblizorion the Hill Orc Fighter began the quest for the
                  | Orb.
     0 | D:1      | Reached XP level 1. HP: 19/19 MP: 1/1
   216 | D:1      | Reached XP level 2. HP: 27/27 MP: 2/2
   654 | D:1      | Reached XP level 3. HP: 33/33 MP: 3/3
   697 | D:1      | Found a faded altar of an unknown god.
  1121 | D:2      | Found a hazy altar of Hepliaklqana.
  1323 | D:2      | Noticed Terence
  1332 | D:2      | Killed Terence
  1333 | D:2      | Reached skill level 1 in Throwing
  1333 | D:2      | Reached XP level 4. HP: 12/40 MP: 4/4
  1625 | D:2      | Noticed Sigmund
  1635 | D:2      | Killed Sigmund
  1636 | D:2      | Reached skill level 5 in Axes
  1636 | D:2      | Reached skill level 1 in Maces & Flails
  1636 | D:2      | Reached XP level 5. HP: 47/47 MP: 5/5
  1636 | D:2      | Reached XP level 6. HP: 53/53 MP: 6/6
  2498 | D:3      | Noticed Ijyb
  2509 | D:3      | Killed Ijyb
  2938 | D:3      | Found a snail-covered altar of Cheibriados.
  3039 | D:3      | You fall into a shaft and drop 2 floors!
  3039 | D:5      | Entered Level 5 of the Dungeon
  3057 | D:5      | Reached skill level 1 in Dodging
  3256 | D:4      | Found an iron altar of Okawaru.
  3256 | D:4      | Noticed Blork the orc
  3278 | D:4      | Killed Blork the orc
  3279 | D:4      | Reached XP level 7. HP: 37/60 MP: 7/7
  3721 | D:4      | Reached skill level 5 in Fighting
  3729 | D:4      | Found a glowing silver altar of Zin.
  3993 | D:5      | Found a staircase to the Ecumenical Temple.
  4007 | D:5      | Reached skill level 5 in Armour
  4028 | D:5      | Found a burning altar of Makhleb.
  4033 | D:5      | Became a worshipper of Makhleb the Destroyer
  4045 | D:5      | Reached XP level 8. HP: 68/68 MP: 8/8
  4120 | D:5      | Reached skill level 5 in Maces & Flails
  4510 | D:5      | HP: 1/69 [orc warrior/+0 flail (12)]
  4514 | D:5      | Mangled by an orc warrior

Illustrated notes

Levels and vault maps discovered:
D:1:      psy_arrival_fountain, layout_basic, dreamdust_ecumenical_altar_grove,
          serial_bayou_lagoon_b
D:2:      kennysheep_big_flooded_room, layout_basic, basic_altar,
          minmay_tetromino_i2, uniq_terence, uniq_sigmund
D:3:      layout_basic, fedhas_altar_fruit_tree, cheibrodos_worm_habitat,
          st_stairs_8, uniq_ijyb
D:4:      layout_rooms, lemuel_tele_altar, nicolae_overflow_crystal_walls,
          uniq_blork_the_orc
D:5:      layout_gridville, mainiacjoe_overflow_alcove_1,
          minmay_temple_entry_overgrown

Skill      XL: |  1  2  3  4  5  6  7  8 |
---------------+-------------------------+-----
Fighting       | 4 5 |  5.5
Axes           | 3 4 5 |  5.6
Throwing       | 1 |  1.5
Maces & Flails | 1 3 4 5 |  5.5
Armour         | 4 5 |  5.2
Dodging        | 1 |  1.8
Shields        | 4 |  4.4
Stealth        | |  0.5

Action                   |  1- 3 |  4- 6 |  7- 9 || total
-------------------------+-------+-------+-------++-------
Melee: War axe           |    82 |     1 |       ||    83
       Flail             |       |   152 |   190 ||   342
Throw: Stone             |     9 |     9 |     3 ||    21
       Dart              |       |     3 |     2 ||     5
       Boomerang         |       |       |     1 ||     1
  Use: Scroll            |     2 |       |     5 ||     7
       Potion            |       |     1 |     2 ||     3
Armor: Scale mail        |    27 |    61 |    52 ||   140
Dodge: Dodged            |    50 |   107 |   132 ||   289
Block: Buckler           |    13 |    32 |    46 ||    91

Table legend: (Time is in decaauts)
 A = Elapsed time spent in this place.
 B = Non-inter-level travel time spent in this place.
 C = Inter-level travel time spent in this place.
 D = Time resting spent in this place.
 E = Time spent auto-exploring this place.
 F = Levels seen in this place.
 G = Mean time per level.
                   A        B        C        D        E       F      G
               +--------+--------+--------+--------+--------+-----+--------+
         Total |   4649 |   4505 |    144 |    941 |   1390 |   5 |  929.8 |
       Dungeon |   4649 |   4505 |    144 |    941 |   1390 |   5 |  929.8 |
               +--------+--------+--------+--------+--------+-----+--------+

Top non-repeatable levels by time:
     D:2: 1412 daAuts
     D:1: 1139 daAuts
     D:4: 903 daAuts
     D:5: 616 daAuts
     D:3: 577 daAuts
